AoeStats
← 恆浪蕩

Black Forest

504453137Analyzed
4v4 RM · 26d ago on Sep 5, 2026· 16m 13s· 8 players
Game mode
Random Map
Map size
Large (8 player)
Population
200
Speed
Normal
Resources
Standard
Victory
Conquest
Starting age
Dark Age
Ending age
Imperial Age
RankedLock teamsTeams togetherTeam positionsShared explorationLock speedFull tech treeHidden civsTurbo modeCheats
Victory
Defeat
🇮🇹 Italians · Italy
1954
+3
🇮🇹 Khmer · Italy
1938
+3
🇷🇺 Persians · Russia
1856
+4
🇩🇪 Wei · Germany
1470
+17
🇹🇼 Vietnamese · Taiwan
1563
-7
🇹🇼 Cumans · Taiwan
1552
-7
🇦🇷 Dravidians · Argentina
1533
-7
🇻🇳 Koreans · Vietnam
1506
-6
OS | 展毅
6:01 Loom
8:50 Feudal Age
11:09 Double-Bit Axe
15:07 Wheelbarrow
14:15 Fishing Lines
TheBlackMamba
7:48 Loom
10:42 Feudal Age
11:12 Double-Bit Axe
11:33 Horse Collar
15:11 Forging
14:51 Gold Mining
Nineshine
0:40 Loom
0:42 Loom
11:03 Feudal Age
13:44 Castle Age
11:57 Double-Bit Axe
14:49 Bow Saw
14:26 Horse Collar
Eugenius
0:42 Loom
12:22 Feudal Age
18:17 Castle Age
16:23 Double-Bit Axe
默默默默默
12:59 Feudal Age
16:56 Castle Age
恆浪蕩
0:32 Loom
11:31 Feudal Age
16:01 Castle Age
14:31 Double-Bit Axe
14:27 Horse Collar
15:01 Fishing Lines
vitroti
8:28 Loom
12:04 Feudal Age
15:52 Castle Age
13:57 Fishing Lines
14:37 Double-Bit Axe
friend00792
0:48 Loom
Connection lost

Rejoining the realm…

Still unreachable

The connection could not be restored.

Session expired

The server has moved on; the page needs a fresh start.